 Dungeon Crawl Stone Soup version 0.29-a0-555-g3b24f45cc1 (webtiles) character file.

Game seed: 2422390815308887924

70 testman the Ducker (level 4, -2/36 HPs)
             Began as a Meteoran Wanderer on June 7, 2022.
             Was a Follower of Kikubaaqudgha.
             Slain by a jackal (3 damage)
             ... on level 4 of the Dungeon.
             The game lasted 00:08:41 (757 turns).

testman the Ducker (Meteoran Wanderer)               Turns: 757, Time: 00:08:42

Health: -2/36      AC:  3    Str: 10    XL:     4   Next: 72%
Magic:  8/8        EV: 14    Int: 15    God:    Kikubaaqudgha [*.....]
Gold:   55         SH:  0    Dex: 17    Spells: 5/7 levels left

rFire   . . .      SeeInvis .   f - +0 flail
rCold   . . .      Faith    .   (no shield)
rNeg    . . .      Spirit   .   d - +0 robe
rPois   .          Reflect  .   (no helmet)
rElec   .          Harm     .   (no cloak)
rCorr   .          Rampage  .   b - +0 pair of gloves
Will    .....                   (no boots)
Stlth   +.........              (no amulet)
HPRegen 0.12/turn               (no ring)
MPRegen 0.11/turn               (no ring)

@: glowing
A: sense surroundings 1, otherworldly, glowing, explore regen
a: Renounce Religion, Unearth Wretches


You were on level 4 of the Dungeon.
You worshipped Kikubaaqudgha.
Kikubaaqudgha was aware of your devotion.
You visited 1 branch of the dungeon, and saw 4 of its levels.

You collected 55 gold pieces.

Inventory:

Hand Weapons
 a - a +0 dagger
 f - a +0 flail (weapon)
Armour
 b - a +0 pair of gloves (worn)
 d - a +0 robe (worn)
Scrolls
 g - a scroll of identify {unknown}
 k - a scroll of silence {unknown}
 l - a scroll of fog {unknown}
 m - a scroll of vulnerability {unknown}
 n - a scroll of fear {unknown}
Potions
 c - a potion of haste
 e - 3 potions of lignification
 h - 2 potions of berserk rage {unknown}
 i - a potion of brilliance {unknown}
 j - 2 potions of flight {unknown}
 o - a potion of might {unknown}
 p - a potion of degeneration {unknown}


   Skills:
 - Level 1.8 Fighting
 - Level 0.2 Maces & Flails
 - Level 1.2 Armour
 - Level 4.0 Dodging
 - Level 1.0 Stealth
 - Level 2.3 Spellcasting
 - Level 3.6 Hexes
 + Level 2.9 Necromancy


You had 5 spell levels left.
You knew the following spells:

 Your Spells              Type           Power      Damage    Failure   Level
a - Slow                  Hex            48%        N/A       4%          1
b - Necrotize             Necr           40%        1d6       6%          1

Your spell library contained the following spells:

 Spells                   Type           Power      Damage    Failure   Level
 Sublimation of Blood     Necr           10%        N/A       10%         2
 Portal Projectile        Hex/Tloc       14%        N/A       30%         3
 Anguish                  Hex/Necr       5%         N/A       50%         4
 Animate Dead             Necr           10%        N/A       54%         4
 Malign Gateway           Summ/Tloc      0%         N/A       100%        7
 Summon Horrible Things   Summ           0%         N/A       100%        8


Dungeon Overview and Level Annotations

Branches:
Dungeon (4/15)
 Temple: D:4-7

Altars:
Kikubaaqudgha
Yredelemnul

Annotations:
D:2 Natasha


Innate Abilities, Weirdness & Mutations

You passively map a small area around you.
You are easily found by Zot.
You glow in the dark.
You regain HP and MP as you explore.


Message History

You are too confused!
You are too confused!
You closely miss the jackal.
The jackal bites you but does no damage.
The jackal bites you. The jackal misses you.
You're too confused to move!
The jackal barely misses you. The jackal bites you.
The jackal bites you but does no damage.
The jackal barely misses you.
You barely miss the orc wizard. The orc closely misses you.
The jackal closely misses you. The orc wizard barely misses you.
The jackal bites you but does no damage.
The orc hits you with a +0 club.
The jackal bites you but does no damage.
The orc wizard misses you. The jackal bites you.
You hit the orc wizard.
The orc wizard is lightly wounded.
The jackal bites you but does no damage.
The jackal closely misses you. The orc misses you. The orc wizard misses you.
The jackal bites you. The jackal attacks as you move away!
The jackal bites you. The jackal attacks as you move away!
The jackal bites you but does no damage.
You feel less confused. The orc wizard barely misses you. The jackal bites you.
You hit the orc wizard but do no damage.
The orc wizard is lightly wounded.
The jackal bites you.
The orc wizard hits you with a +0 dagger.
The jackal bites you but does no damage.
The jackal completely misses you.
You hit the orc wizard.
The orc wizard is moderately wounded.
The orc hits you but does no damage.
The orc wizard gestures at you while chanting.
The puff of flame hits you!
* * * LOW HITPOINT WARNING * * *
The jackal closely misses you. The jackal bites you.
You die...
Kikubaaqudgha rasps: "You have failed me!
Welcome... death!"

####### # ##...#.##*.#.
*....#..##$.. *
##........... , ###
...........$ , ##.##
*#..o....... , * #...#
####@oo...... * #...#
###...hh)..##. ##..#
#......)....... ##.###
#.....##..#...# #....#
##...## ..# ..#
##...###.....# ..# ..
#.....##.....#.... ,
##......)........... *
###....................,
,


You could see an orc wizard, 2 orcs and 2 jackals.

Vanquished Creatures
  3 adders (D:3)
  2 dart slugs
  3 orcs
  3 ball pythons
  4 endoplasms
  4 giant cockroaches
  3 hobgoblins
  A jackal (D:4)
  A kobold (D:1)
  3 bats (D:2)
  A frilled lizard (D:1)
  2 goblins
  4 rats
  A spectral orc (D:3)
35 creatures vanquished.

Notes
Turn   | Place    | Note
-------+----------+-------------------------------------------
     0 | D:1      | testman the Meteoran Wanderer began the quest for the Orb.
     0 | D:1      | testman set off with the following items: a +0 dagger, a +0
                  | pair of gloves, a potion of haste, a +0 robe, a potion of
                  | lignification; and the following spell memorised: Slow; and
                  | the following spells available to memorise: Portal
                  | Projectile, Anguish
     0 | D:1      | Reached XP level 1. HP: 16/16 MP: 3/3
    61 | D:1      | Reached XP level 2. HP: 17/23 MP: 5/5
   190 | D:2      | Noticed Natasha
   213 | D:2      | Reached skill level 4 in Dodging
   254 | D:2      | Found a faded altar of an unknown god.
   264 | D:2      | Prayed at the altar of an unknown god.
   264 | D:2      | Became a worshipper of Kikubaaqudgha
   264 | D:2      | Reached * piety under Kikubaaqudgha
   264 | D:2      | Received a gift from Kikubaaqudgha
   273 | D:2      | Learned a level 1 spell: Necrotize
   313 | D:2      | Reached XP level 3. HP: 28/29 MP: 5/7
   484 | D:3      | Reached skill level 1 in Necromancy
   568 | D:3      | Reached XP level 4. HP: 4/36 MP: 8/8
   632 | D:3      | Found a basalt altar of Yredelemnul.
   757 | D:4      | HP: 1/36 [orc wizard/puff of flame (10)]
   757 | D:4      | Slain by a jackal

Illustrated notes

Levels and vault maps discovered:
D:1:      evilmike_arrival_home_sweet_home, layout_rooms
D:2:      minmay_evil_eye, layout_basic, shapermc_ecumenical_altar_gd,
          grunt_decor_cap, uniq_natasha
D:3:      layout_loops_ring, yredelemnul_forgotten_temple_becter
D:4:      layout_cave_pools, serial_shops, shop, glass_columns_a

Skill      XL: |  1  2  3 |
---------------+----------+-----
Dodging        | 4 |  4.0
Spellcasting   | 2 |  2.3
Necromancy     | 2 |  2.9
Fighting       | |  1.8
Maces & Flails | |  0.2
Armour         | |  1.2
Stealth        | |  1.0
Hexes          | |  3.6

Action                   |  1- 3 |  4- 6 || total
-------------------------+-------+-------++-------
Melee: Dagger            |    59 |       ||    59
       Punch             |     1 |       ||     1
       Flail             |    50 |    29 ||    79
 Cast: Necrotize         |     1 |       ||     1
  Use: Scroll            |     1 |       ||     1
 Stab: Sleeping          |     1 |       ||     1
Armor: Robe              |    29 |    17 ||    46
Dodge: Dodged            |    75 |    42 ||   117

Table legend: (Time is in decaauts)
 A = Elapsed time spent in this place.
 B = Non-inter-level travel time spent in this place.
 C = Inter-level travel time spent in this place.
 D = Time resting spent in this place.
 E = Time spent auto-exploring this place.
 F = Levels seen in this place.
 G = Mean time per level.
                   A        B        C        D        E       F      G
               +--------+--------+--------+--------+--------+-----+--------+
         Total |    791 |    690 |    101 |      0 |    259 |   4 |  197.8 |
       Dungeon |    791 |    690 |    101 |      0 |    259 |   4 |  197.8 |
               +--------+--------+--------+--------+--------+-----+--------+

Top non-repeatable levels by time:
     D:2: 277 daAuts
     D:3: 246 daAuts
     D:1: 171 daAuts
     D:4: 96 daAuts
